 Dungeon Crawl Stone Soup version 0.14-a0-3337-gf4615ed (webtiles) character file.

6225 Kae the Bludgeoner (level 10, -6/77 HPs)
             Began as a Minotaur Fighter on Mar 16, 2014.
             Was an Elder of Okawaru.
             Mangled by an orange rat (13 damage)
             ... on Level 8 of the Dungeon.
             The game lasted 00:20:45 (9529 turns).

Kae the Bludgeoner (Minotaur Fighter)               Turns: 9529, Time: 00:20:45

HP  -6/77        AC 13     Str 21      XL: 10   Next: 47%
MP   4/4         EV  8     Int  7      God: Okawaru [****..]
Gold 561         SH 22     Dex 11      Spells:  0 memorised,  9 levels left

rFire  . . .     SeeInvis .     a - +2 whip (venom)
rCold  . . .     Clarity  .     L - +4 scale mail
rNeg   . . .     Conserve +     c - +0 shield
rPois  .         rCorr    .     (helmet restricted)
rElec  .         rRot     .     M - +0 cloak
SustAb . .       Spirit   .     (no gloves)
rMut   .         Warding  .     (no boots)
Saprov . . .     Stasis   .     J - amulet of conservation
MR     .....                    (no ring)
                                (no ring)

@: very slightly contaminated, heroism, drained, not resistant to hostile
enchantments, extremely unstealthy
A: retaliatory headbutt, horns 2
a: Heroism, Renounce Religion


You were on level 8 of the Dungeon.
You worshipped Okawaru.
Okawaru was greatly pleased with you.
You were hungry.

You visited 2 branches of the dungeon, and saw 10 of its levels.
You also visited: Ossuary.

You collected 561 gold pieces.

Inventory:

Hand weapons
 a - a +2,+2 whip of venom (weapon)
 b - a +2,+3 mace of holy wrath
 p - a +0,+0 great mace
 u - a cursed +0,+0 flail
 F - a +0,-3 flail
 I - a +0,+0 dire flail
Missiles
 g - 6 tomahawks (quivered)
Armour
 c - a +0 shield (worn)
 L - a +4 scale mail (worn)
 M - a +0 cloak (worn)
Magical devices
 e - a wand of hasting (5)
 h - a wand of cold (10)
 y - a wand of fire (7)
 G - a wand of cold (7)
 N - a wand of teleportation (4)
Comestibles
 d - 8 bread rations
 v - 2 meat rations
 z - 3 apples
 B - a pear
 U - 2 beef jerkies
 V - 9 cheeses
Scrolls
 k - 4 scrolls of teleportation
 l - a scroll of enchant weapon I
 m - 5 scrolls of identify
 n - 9 scrolls of remove curse
Jewellery
 J - an amulet of conservation (around neck)
 W - an uncursed amulet of the gourmand
Potions
 j - 4 potions of curing
 A - a potion of agility
 R - 2 potions of restore abilities
 S - 2 potions of invisibility
 T - a potion of magic
Books
 f - a book of Clouds

   Spells                             Type                      Level
   Mephitic Cloud                     Conjuration/Poison/Air       3
   Conjure Flame                      Conjuration/Fire             3
   Poisonous Cloud                    Conjuration/Poison/Air       6
   Freezing Cloud                     Conjuration/Ice/Air          6
   Ring of Flames                     Charms/Fire                  7
 K - a book of Callings

   Spells                             Type                      Level
   Summon Small Mammal                Summoning                    1
   Call Imp                           Summoning                    2
   Call Canine Familiar               Summoning                    3
   Summon Guardian Golem              Hexes/Summoning              4
   Summon Lightning Spire             Summoning/Air                4
   Summon Ice Beast                   Ice/Summoning                4


   Skills:
 - Level 3.6(8.2) Fighting
 + Level 17.4(21.9) Maces & Flails
 - Level 3.6(8.2) Armour
 - Level 3.6(8.2) Shields


You had 9 spell levels left.
You didn't know any spells.

Dungeon Overview and Level Annotations

Branches:
Dungeon (9/15)             Temple (1/1) D:4
    Orc: D:9-12        Lair: D:8-11

Altars:
Ashenzari
Dithmenos
Elyvilon
Okawaru
Vehumet
Xom
Zin

Annotations:
D:4 Sigmund


Innate Abilities, Weirdness & Mutations

You reflexively headbutt those who attack you in melee.
You have a pair of horns on your head.


Message History

You closely miss the orange rat.
You headbutt the orange rat, but do no damage.
The orange rat is severely wounded.
You hit the orange rat.
The orange rat is poisoned.
The orange rat is almost dead.
The orange rat bites you.
* * * LOW HITPOINT WARNING * * *
You hit the orange rat but do no damage.
The orange rat looks even sicker.
You headbutt the orange rat.
You kill the orange rat!
Okawaru accepts your kill.
You hit the orange rat.
The orange rat is moderately wounded.
The orange rat bites you but does no damage.
You hit the orange rat but do no damage.
The orange rat is poisoned.
You headbutt the orange rat.
The orange rat is heavily wounded.
The orange rat twitches its whiskers.
The orange rat bites you!
You die...

#####.# #.#..#......#.# #.....#
#.#...#.......##########
#.########.#####.._....#.........
#.#).................#.#.########
#)[)...###.#####.....#.#.#
#..........#......#.##.#.#
#......#####.####.#.##.#.#
#.#'#........####.#(##.#.#######
#.#......#####>r@..)...........#
#.#............##...##.#.##..#.#
#.#......###...).......#.##..#.#
...........<....(............#.#
..#.##########.######.##...(.#.#
##....# #...........#.#####.##.#
#....# #.####.####.#.# #......#
#....# #.####.####.#.# #o#.####
#....# #.#...........# #.#.#


You could see an orange rat.

Vanquished Creatures
  Pikel (D:6)
  A hill giant (D:8)
  The ghost of marcus the Magician, an experienced SpVM of Vehumet (D:8)
  A gargoyle (D:7)
  Psyche (D:8)
  A yak (D:7)
  A human (D:7)
  A steam dragon (D:8)
  A hippogriff (D:5)
  Edmund (D:5)
  3 orc warriors
  4 slaves (D:6)
  A black bear (D:7)
  2 centaurs
  A phantom (D:4)
  3 sky beasts
  3 ice beasts
  A big kobold (D:8)
  2 elf zombies (Ossuary)
  Blork the orc (D:6)
  2 giant frogs
  3 scorpions
  A centaur zombie (Ossuary)
  4 jellies
  2 crimson imps
  4 hounds
  Crazy Yiuf (D:6)
  6 orc priests
  An iguana (D:7)
  An orange rat (D:8)
  3 orc wizards
  8 worker ants
  3 sheep (D:7)
  2 big kobold zombies (Ossuary)
  2 hound zombies (Ossuary)
  An ogre skeleton (D:6)
  Terence (D:2)
  4 mummies
  12 adders
  3 shadow imps
  3 orc skeletons
  A goliath beetle zombie (D:8)
  3 worms
  3 adder zombies (Ossuary)
  A giant eyeball (D:4)
  6 giant geckos
  24 orcs
  7 giant cockroaches
  2 gnoll zombies (Ossuary)
  10 hobgoblins
  25 kobolds
  2 oozes
  9 quokkas
  3 ball pythons
  7 bats
  6 giant newts
  11 goblins
  6 goblin zombies (Ossuary)
  2 hobgoblin skeletons
  5 hobgoblin zombies
  5 jackal zombies (Ossuary)
  3 kobold zombies (Ossuary)
  3 orc zombies (Ossuary)
  A quokka skeleton (D:7)
  2 quokka zombies (Ossuary)
  13 rats
  2 rat zombies (Ossuary)
260 creatures vanquished.

Vanquished Creatures (others)
  An orc wizard (D:4)
  An orc (D:6)
2 creatures vanquished.

Grand Total: 262 creatures vanquished

Notes
Turn   | Place    | Note
--------------------------------------------------------------
     0 | D:1      | Kae, the Minotaur Fighter, began the quest for the Orb.
     0 | D:1      | Reached XP level 1. HP: 19/19 MP: 1/1
    20 | D:1      | Noticed a black bear
    20 | D:1      | Noticed a hound
    20 | D:1      | Noticed a redback
    29 | D:1      | Noticed a swamp worm
   178 | D:1      | Reached XP level 2. HP: 26/26 MP: 1/1
   495 | D:1      | Reached skill level 4 in Maces & Flails
   850 | D:2      | Reached XP level 3. HP: 28/31 MP: 2/2
  1159 | D:2      | Reached skill level 5 in Maces & Flails
  1185 | D:2      | Reached XP level 4. HP: 35/39 MP: 2/2
  1188 | D:2      | Noticed Terence
  1195 | D:2      | Killed Terence
  1389 | D:3      | Noticed a giant frog
  1392 | D:3      | Reached skill level 6 in Maces & Flails
  1401 | D:3      | Killed a giant frog
  1401 | D:3      | Reached XP level 5. HP: 21/45 MP: 2/2
  1416 | D:3      | Found a shadowy altar of Dithmenos.
  1813 | D:3      | Reached skill level 7 in Maces & Flails
  1894 | D:3      | Found a glowing silver altar of Zin.
  2017 | D:4      | Noticed Sigmund
  2277 | D:4      | Noticed a phantom
  2304 | D:4      | Killed a phantom
  2304 | D:4      | Reached XP level 6. HP: 29/51 MP: 3/3
  2312 | D:4      | Found a shimmering altar of Xom.
  2496 | D:4      | Paralysed by a giant eyeball for 4 turns
  2605 | D:4      | Found a staircase to the Ecumenical Temple.
  2614 | Temple   | Entered the Ecumenical Temple
  2632 | Temple   | Became a worshipper of Warmaster Okawaru
  2718 | D:4      | Reached skill level 8 in Maces & Flails
  3278 | D:5      | Entered Level 5 of the Dungeon
  3545 | D:5      | Reached skill level 9 in Maces & Flails
  3847 | D:5      | Reached XP level 7. HP: 46/57 MP: 3/3
  3975 | D:5      | Noticed a hippogriff
  3987 | D:5      | Killed a hippogriff
  4112 | D:5      | Acquired Okawaru's first power
  4112 | D:5      | Reached skill level 10 in Maces & Flails
  4194 | D:5      | Found a shimmering altar of Xom.
  4194 | D:5      | Found a shimmering altar of Xom.
  4194 | D:5      | Found a shimmering altar of Xom.
  4195 | D:5      | Found a shimmering altar of Xom.
  4195 | D:5      | Found a shimmering altar of Xom.
  4195 | D:5      | Found a shimmering altar of Xom.
  4239 | D:5      | Noticed Edmund
  4261 | D:5      | Killed Edmund
  4261 | D:5      | Reached skill level 11 in Maces & Flails
  4772 | D:6      | Reached XP level 8. HP: 64/64 MP: 3/3
  4948 | D:6      | Noticed Pikel
  4963 | D:6      | Killed Pikel
  4963 | D:6      | Reached skill level 12 in Maces & Flails
  5045 | D:6      | Reached skill level 13 in Maces & Flails
  5398 | D:6      | Noticed Blork the orc
  5410 | D:6      | Killed Blork the orc
  5410 | D:6      | Reached XP level 9. HP: 53/70 MP: 4/4
  5557 | D:6      | Noticed Crazy Yiuf
  5561 | D:6      | Paralysed by Crazy Yiuf for 4 turns
  5569 | D:6      | Killed Crazy Yiuf
  5642 | D:6      | Reached skill level 14 in Maces & Flails
  5785 | D:6      | Found a white marble altar of Elyvilon.
  6335 | D:7      | Noticed a gargoyle
  6623 | D:7      | Killed a gargoyle
  7348 | D:7      | Reached skill level 15 in Maces & Flails
  7747 | D:8      | Noticed a hill giant
  7782 | D:8      | Found a shadowy altar of Dithmenos.
  7788 | D:8      | Killed a hill giant
  7788 | D:8      | Reached skill level 16 in Maces & Flails
  7869 | D:8      | HP: 2/70 [orc warrior/long sword (21)]
  7896 | D:7      | Reached XP level 10. HP: 31/77 MP: 4/4
  8119 | D:7      | Gained mutation: You evolve. [potion of beneficial mutation]
  8126 | D:7      | Gained mutation: Your digestive system is specialised to digest meat. [potion of mutation]
  8126 | D:7      | Lost mutation: Your digestive system is specialised to digest meat. [potion of mutation]
  8126 | D:7      | Gained mutation: Your system is resistant to poisons. [potion of mutation]
  8128 | D:7      | Lost mutation: Your system is resistant to poisons. [potion of cure mutation]
  8128 | D:7      | Lost mutation: You evolve. [potion of cure mutation]
  8239 | D:8      | Found a sand-covered staircase.
  8270 | Ossuary  | Entered an ossuary
  8819 | D:8      | Noticed marcus' ghost (experienced SpVM)
  8827 | D:8      | Killed marcus' ghost
  8945 | D:8      | Noticed Psyche
  8965 | D:7      | Found a shattered altar of Ashenzari.
  9158 | D:8      | Reached skill level 17 in Maces & Flails
  9275 | D:8      | Killed Psyche
  9506 | D:9      | HP: 1/77 [hill giant zombie (19)]
  9529 | D:8      | Mangled by an orange rat

Action                   |  1- 3 |  4- 6 |  7- 9 | 10-12 || total
-------------------------+-------+-------+-------+-------++-------
Melee: Flail             |   102 |   195 |    13 |     2 ||   312
       Mace              |       |    13 |   102 |   110 ||   225
       Whip              |       |       |   386 |   144 ||   530
Invok: Heroism           |       |       |     2 |     2 ||     4
Evoke: Wand              |       |     1 |     2 |     1 ||     4
  Use: Scroll            |       |       |     4 |    15 ||    19
       Potion            |       |       |     4 |    11 ||    15
 Stab: Distracted        |       |       |     1 |       ||     1
